AoeStats
← diekaiserwurst

Arabia

510092633Analyzed
1v1 RM · 2d ago on Sep 29, 2026· 43m 27s· 2 players
Game mode
Random Map
Map size
Tiny (2 player)
Population
200
Speed
Normal
Resources
Standard
Victory
Conquest
Starting age
Dark Age
Ending age
Imperial Age
RankedLock teamsTeams togetherTeam positionsShared explorationLock speedFull tech treeHidden civsTurbo modeCheats
Victory
Defeat
🇦🇹 Slavs · Austria
1174
+14
🇮🇪 Lithuanians · Ireland
1140
-14
Roots222
9:30 Feudal Age
10:11 Double-Bit Axe
13:15 Loom
20:22 Castle Age
18:50 Gold Mining
18:41 Horse Collar
20:36 Scale Barding Armor
22:30 Forging
25:44 Bloodlines
25:34 Husbandry
27:37 Fervor
27:48 Sanctity
27:29 Devotion
34:16 Chain Barding Armor
34:32 Iron Casting
35:38 Redemption
37:09 Wheelbarrow
36:20 Town Watch
42:02 Imperial Age
42:01 Hand Cart
41:47 Town Patrol
43:11 Conscription
43:18 Bow Saw
43:08 Cavalier
diekaiserwurst
6:46 Loom
9:00 Feudal Age
9:44 Double-Bit Axe
18:29 Bloodlines
20:42 Castle Age
19:31 Stone Mining
19:23 Horse Collar
19:59 Gold Mining
21:18 Light Cavalry
21:28 Pikeman
23:08 Bloodlines
25:33 Bow Saw
29:58 Wheelbarrow
32:15 Hand Cart
35:09 Imperial Age
35:20 Imperial Age
34:07 Husbandry
34:57 Forging
34:52 Scale Barding Armor
35:27 Halberdier
37:52 Chemistry
37:31 Scale Mail Armor
38:07 Iron Casting
38:40 Chain Mail Armor
38:53 Squires
39:02 Town Watch
41:50 Blast Furnace
41:16 Conscription
42:37 Plate Mail Armor
43:57 Detinets
Connection lost

Rejoining the realm…

Still unreachable

The connection could not be restored.

Session expired

The server has moved on; the page needs a fresh start.